Map: Cyber Forest LE

Players

BRADI

  • Race: Terran Terran
  • League: Platinum
  • Spawn Location: 5:00

Parkkatz - Winner!

  • Race: Zerg Zerg
  • League: Platinum
  • Spawn Location: 11:00

VOD

Have the link to the VOD?

Description

Time

  • Played on: July 3, 2019, 4:15 p.m.
  • Length: 8:19
Show
View Real Time Build Order
Export as new Build Order

BRADI Terran 

Build Orders:  

Get SALT Encoding   

  12  0:01  SCV  
  13  0:13  SCV  
  14  0:18  Supply Depot  
  14  0:25  SCV  
  15  0:31  Refinery  
  15  0:40  SCV  
  16  0:46  Barracks  
  16  0:52  SCV  
  18  1:04  SCV  
  18  1:06  Supply Depot  
  18  1:16  SCV  
  19  1:37  Command Center  
  19  1:47  Command Center  
  19  1:50  Barracks Reactor  
  19  1:58  SCV  
  20  2:03  Factory  
  20  2:10  SCV  
  21  2:23  Orbital Command  
  21  2:28  Reaper  
  22  2:50  Refinery  
  22  2:52  SCV  
  23  3:04  SCV  
  22  3:17  Hellion x2  
  22  3:18  Orbital Command  
  23  3:38  Hellion  
  23  3:41  Orbital Command  
  25  3:46  SCV  
  26  3:52  Barracks Tech Lab  
  26  3:58  Hellion, SCV  
  26  3:59  Hellion  
  31  4:10  SCV x2  
  33  4:21  Stimpack  
  33  4:22  SCV x2  
  35  4:30  Hellion x2  
  39  4:34  SCV x2  
  39  4:35  Marine  
  42  4:46  SCV  
  43  4:52  Marine  
  43  4:57  Starport  
  43  4:58  SCV  
  45  5:01  Starport  
  45  5:09  Armory  
  45  5:10  SCV  
  46  5:17  Supply Depot  
  46  5:28  Liberator  
  46  5:30  Bunker  
  46  5:33  Marine, SCV  
  46  5:34  SCV  
  43  5:35  Supply Depot  
  43  5:37  Supply Depot  
  41  5:46  SCV  
  41  5:48  Starport Tech Lab  
  45  5:50  Marine  
  44  5:58  Liberator  
  42  6:19  Supply Depot  
  42  6:28  Starport Reactor  
  42  6:30  Starport Tech Lab  
  42  6:43  Barracks  
  42  6:50  SCV, Command Center, Fusion Core  
  43  6:54  Refinery  
  43  6:55  Refinery  
  43  7:02  SCV  
  43  7:03  Factory Tech Lab  
  44  7:14  SCV  
  45  7:16  SCV  
  45  7:28  SCV  
Show
View Real Time Build Order
Export as new Build Order

Parkkatz Zerg - Winner!

Build Orders: Hatch First 

Get SALT Encoding   

  12  0:01  Drone  
  13  0:14  Overlord  
  13  0:17  Drone  
  14  0:32  Drone x2  
  16  0:40  Drone  
  17  0:47  Drone  
  18  0:59  Hatchery  
  18  1:01  Drone, Extractor  
  17  1:10  Drone  
  18  1:19  Spawning Pool  
  18  1:22  Drone  
  18  1:30  Drone  
  19  1:46  Overlord  
  19  2:05  Queen  
  19  2:08  Zergling x4  
  23  2:11  Queen  
  23  2:12  Zergling x2  
  23  2:14  Drone  
  27  2:16  Metabolic Boost  
  27  2:26  Drone  
  27  2:28  Drone  
  29  2:36  Drone x2  
  31  2:45  Overlord  
  31  2:46  Queen  
  31  2:49  Drone  
  33  3:19  Drone x2  
  36  3:20  Drone x4  
  37  3:42  Drone  
  37  3:43  Drone x2  
  37  3:44  Evolution Chamber  
  37  3:45  Overlord x2, Roach Warren, Extractor  
  37  3:46  Extractor  
  37  3:48  Drone x2  
  38  3:52  Drone x2  
  40  3:57  Queen  
  40  4:00  Drone  
  40  4:01  Drone  
  44  4:10  Zerg Missile Weapons Level 1  
  44  4:11  Spine Crawler  
  43  4:26  Roach x5  
  53  4:37  Spore Crawler  
  52  4:40  Spore Crawler  
  52  4:41  Drone x2  
  52  4:42  Drone  
  54  4:50  Drone x5  
  59  5:11  Lair  
  59  5:19  Baneling Nest  
  58  5:56  Hatchery  
  57  5:58  Overlord  
  57  5:59  Overlord  
  57  6:00  Overlord  
  55  6:12  Centrifical Hooks  
  55  6:13  Glial Reconstitution  
  55  6:16  Roach x5  
  55  6:17  Roach x9  
  75  6:30  Zergling x2  
  75  6:31  Zergling x8  
  80  6:49  Infestation Pit  
  79  6:55  Baneling x5  
  79  6:58  Drone x5  
  84  7:18  Queen x3  
  88  7:38  Infestor  
  88  7:42  Spore Crawler  
  89  7:45  Drone  
  86  8:07  Drone  
Tags
 
Add a new tag
Caveats
  • Supply blocks, unpowered buildings, or Contaminate may cause inaccurate times.
  • Supply counts are checked every 10 seconds.